 Dungeon Crawl Stone Soup version 0.31.0-32-g396128a36d (webtiles) character file.

Game seed: 13082284821403902794

450 mainiacjoe the Chopper (level 7, -4/56 HPs)
             Began as a Hill Orc Fire Elementalist on Apr 6, 2024.
             Slain by a gnoll
             ... wielding a +2 flail of protection
              (10 damage)
             ... on level 4 of the Dungeon.
             The game lasted 00:10:33 (3469 turns).

mainiacjoe the Chopper (Hill Orc Fire Elementalist) Turns: 3469, Time: 00:10:34

Health: -4/56      AC:  4    Str: 11    XL:     7   Next: 4%
Magic:  3/10       EV: 17    Int: 17    God:
Gold:   172        SH:  0    Dex: 11    Spells: 4/10 levels left

rFire   . . .        a - +0 war axe
rCold   . . .        (no shield)
rNeg    . . .        A - +2 robe {Will+} {Jessica}
rPois   .            (no helmet)
rElec   .            (no cloak)
rCorr   .            (no gloves)
SInv    .            (no boots)
Will    ++...        c - amulet of the acrobat
Stlth   ++           n - +5 ring of evasion
HPRegen 0.29/turn    (no ring)
MPRegen 0.12/turn

%: acrobat
@: enlightened, flying
A: no striking features
a: no special abilities


You were on level 4 of the Dungeon.
You visited 1 branch of the dungeon, and saw 4 of its levels.

You collected 172 gold pieces.

Inventory:

Hand Weapons
 a - a +0 war axe (weapon)
 t - a +0 scythe
 v - a +0 hand axe
 z - a +4 club
Missiles
 d - 29 stones
 f - 9 javelins
 p - 2 boomerangs
 s - 4 atropa-tipped darts {=F}
 x - 5 poisoned darts
Armour
 i - a +1 robe
 q - a +0 ring mail
 r - a +0 leather armour
 A - a +2 robe of willpower (worn) {Jessica}
Jewellery
 c - an amulet of the acrobat (around neck)
 m - an amulet of guardian spirit
 n - a +5 ring of evasion (left hand)
Wands
 y - a wand of flame (6)
Scrolls
 k - a scroll of silence
 C - a scroll of revelation
 D - a scroll of enchant armour
Potions
 b - a potion of magic
 e - 2 potions of lignification {unknown}
 g - a potion of degeneration {unknown}
 h - 2 potions of curing {unknown}
 j - a potion of brilliance {unknown}
 l - a potion of enlightenment
 o - a potion of mutation {unknown}
 u - a potion of heal wounds {unknown}
 w - a potion of might {unknown}
 B - a potion of invisibility {unknown}


   Skills:
 + Level 2.5 Fighting
 - Level 6.0 Axes
 - Level 1.5 Armour
 - Level 1.5 Dodging
 - Level 1.5 Stealth
 - Level 2.0 Spellcasting
 - Level 2.0 Conjurations
 + Level 1.3 Hexes
 * Level 4.7 Fire Magic


You had 4 spell levels left.
You knew the following spells:

 Your Spells              Type           Power      Damage    Failure   Level
a - Foxfire               Conj/Fire      52%        2x1d6     4%          1
b - Scorch                Fire           36%        2d6       4%          2
c - Inner Flame           Hex/Fire       12%        N/A       17%         3

Your spell library contained the following spells:

 Spells                   Type           Power      Damage    Failure   Level
 Volatile Blastmotes      Fire/Tloc      18%        2d11      22%         3
 Flame Wave               Conj/Fire      13%        2d6       43%         4
 Fulminant Prism          Conj/Alch      2%         3d5       77%         4
 Iskenderun's Mystic Bla  Conj/Tloc      5%         2d3       77%         4


Dungeon Overview and Level Annotations

Branches:
Dungeon (4/15)
 Temple: D:4-7

Altars:


Message History

The iguana bites you but does no damage.
You barely miss the iguana.
The iguana is severely wounded.
The iguana bites you!
An orc comes into view. It is wielding a +0 hand axe.
You hit the gnoll.
The gnoll is moderately wounded.
You hit the iguana.
A gnoll comes into view. It is wielding a +0 flail.
The gnoll hits you with a +2 flail of protection.
The iguana bites you!
* * * LOW HITPOINT WARNING * * *
The orc throws a boomerang.
The boomerang barely misses you.
An orc comes into view. It is wielding a +0 dagger.
The orc throws a boomerang.
The boomerang barely misses you. The gnoll completely misses you.
The iguana closely misses you.
Okay, then.
It was a potion of enlightenment.
You feel very buoyant.
You fly up into the air.
The gnoll shouts!
You hear a shout!
The gnoll closely misses you.
A gnoll comes into view. It is wielding a +0 spear.
The iguana barely misses you.
You hit the gnoll.
The gnoll is almost dead.
You hit the iguana but do no damage. The iguana bites you.
* * * LOW HITPOINT WARNING * * *
The gnoll hits you with a +2 flail of protection.
* * * LOW HITPOINT WARNING * * *
Unknown command.
You closely miss the gnoll. You hit the gnoll but do no damage.
You closely miss the iguana. The gnoll completely misses you.
The iguana bites you.
* * * LOW HITPOINT WARNING * * *
The gnoll barely misses you.
You hit the gnoll but do no damage. You closely miss the gnoll.
You completely miss the iguana.
The gnoll hits you with a +2 flail of protection!
You die...

#..........
#..........
#..........
#..o.......
#....o..:..
#..o.......
#...l......
#..@g.g.g..
#...g......
#..........
##.........
#.........
#.........
#.........
#.........
#..............


You could see an iguana, 4 gnolls and 3 orcs.

Vanquished Creatures
  Sigmund (D:3)
  A howler monkey (D:2)
  Jessica (D:3)
  Natasha (thrice) (D:3)
  Ijyb (D:3)
  6 adders
  5 dart slugs
  An orc (D:3)
  8 ball pythons
  6 bats
  8 endoplasms
  4 giant cockroaches
  A goblin (D:2)
  9 hobgoblins
  5 kobolds
  5 quokkas
  3 frilled lizards
  8 rats
76 creatures vanquished.

Vanquished Creatures (collateral kills)
  2 foxfires
2 creatures vanquished.

Vanquished Creatures (others)
  158 foxfires
158 creatures vanquished.

Grand Total: 236 creatures vanquished

Notes
Turn   | Place    | Note
-------+----------+-------------------------------------------
     0 | D:1      | mainiacjoe the Hill Orc Fire Elementalist began the quest
                  | for the Orb.
     0 | D:1      | Reached XP level 1. HP: 14/14 MP: 3/3
   256 | D:1      | Reached XP level 2. HP: 19/20 MP: 2/4
   259 | D:1      | Learned a level 2 spell: Scorch
   668 | D:1      | Reached XP level 3. HP: 23/26 MP: 3/5
  1093 | D:1      | Found a faded altar of an unknown god.
  1277 | D:2      | Reached skill level 1 in Axes
  1324 | D:2      | Reached skill level 2 in Axes
  1324 | D:2      | Reached XP level 4. HP: 29/33 MP: 0/7
  1336 | D:2      | Reached skill level 3 in Axes
  1728 | D:2      | Reached skill level 4 in Axes
  1728 | D:2      | Reached XP level 5. HP: 38/38 MP: 5/8
  2455 | D:3      | Noticed Sigmund
  2486 | D:3      | Killed Sigmund
  2487 | D:3      | Reached skill level 6 in Axes
  2487 | D:3      | Reached skill level 1 in Fighting
  2487 | D:3      | Reached skill level 1 in Armour
  2487 | D:3      | Reached XP level 6. HP: 6/48 MP: 0/9
  2491 | D:3      | Learned a level 3 spell: Inner Flame
  2735 | D:3      | Noticed Natasha
  2744 | D:3      | Killed Natasha
  2758 | D:3      | Noticed Natasha
  2771 | D:3      | Killed Natasha
  2884 | D:3      | Noticed Natasha
  2891 | D:3      | Killed Natasha
  3090 | D:3      | Reached skill level 1 in Hexes
  3133 | D:3      | Noticed Ijyb
  3134 | D:3      | Noticed Jessica
  3148 | D:3      | Killed Jessica
  3148 | D:3      | Killed Ijyb
  3149 | D:3      | Reached XP level 7. HP: 19/56 MP: 0/10
  3469 | D:4      | Slain by a gnoll

Illustrated notes

Levels and vault maps discovered:
D:1:      lightli_arrival_noodles, layout_loops_ring,
          shapermc_ecumenical_altar_hornbeckon, minmay_box_of_dots
D:2:      layout_loops_ring
D:3:      layout_rooms, uniq_sigmund, uniq_natasha, uniq_jessica, uniq_ijyb
D:4:      layout_layer_cave, nzn_wu_jian_council_hall, serial_shops,
          nicolae_shop_rolling_square, shop_fountains, serial_bayou_pond_e

Skill      XL: |  1  2  3  4  5  6 |
---------------+-------------------+-----
Fire Magic     | 4 |  4.7
Spellcasting   | 2 |  2.0
Axes           | 2 4 6 |  6.0
Conjurations   | 2 |  2.0
Fighting       | 1 2 |  2.5
Armour         | 1 |  1.5
Hexes          | 1 |  1.3
Dodging        | |  1.5
Stealth        | |  1.5

Action                     |  1- 3 |  4- 6 |  7- 9 || total
---------------------------+-------+-------+-------++-------
  Melee: Club              |     4 |       |       ||     4
         Hand axe          |    20 |    43 |       ||    63
         War axe           |       |    15 |     8 ||    23
         Halberd           |       |     8 |       ||     8
         Punch             |       |     1 |       ||     1
   Cast: Foxfire           |    51 |    44 |     7 ||   102
         Scorch            |     3 |    16 |     1 ||    20
         Inner Flame       |       |     1 |       ||     1
    Use: Scroll            |     6 |     1 |     1 ||     8
         Potion            |       |       |     1 ||     1
   Stab: Sleeping          |       |     2 |       ||     2
         Distracted        |       |     1 |       ||     1
 Armour: Robe              |    17 |    41 |     9 ||    67
  Dodge: Dodged            |    16 |    71 |     9 ||    96
